 Dungeon Crawl Stone Soup version 0.29-a0-770-g2e8140cf71 (webtiles) character file.

Game seed: 4218156480426292943

10903 PentaManta the Spry (level 11, -2/73 HPs)
             Began as a Spriggan Hunter on July 1, 2022.
             Was an Initiate of Gozag.
             Killed from afar by a rime drake (17 damage)
             ... with a flash freeze
             ... on level 1 of the Lair of Beasts.
             The game lasted 00:19:37 (9151 turns).

PentaManta the Spry (Spriggan Hunter)               Turns: 9151, Time: 00:19:38

Health: -2/73      AC:  5    Str:  7    XL:     11   Next: 42%
Magic:  12/12      EV: 34    Int: 12    God:    Gozag
Gold:   1793       SH:  0    Dex: 22    Spells: 10/10 levels left

rFire   + . .      SeeInvis +   S - +2 short sword (elec)
rCold   + + .      Faith    .   (no shield)
rNeg    . . .      Spirit   .   r - +2 robe {rC+ rF+}
rPois   .          Reflect  .   (helmet restricted)
rElec   .          Harm     .   x - +0 cloak
rCorr   .          Rampage  .   (gloves unavailable)
Will    +....                   (boots unavailable)
Stlth   ..........              i - amulet of regeneration
HPRegen 1.02/turn               m - ring of protection from cold
MPRegen 0.13/turn               B - +4 ring of slaying

@: berserking, very quick
A: very small, no large weapons, unfitting armour, see invisible, speed 3
a: Renounce Religion, Potion Petition, Call Merchant, Bribe Branch


You were on level 1 of the Lair of Beasts.
You worshipped Gozag.
Gozag was most pleased with you.
You visited 3 branches of the dungeon, and saw 13 of its levels.
You also visited: Ice Cave.

You collected 1882 gold pieces.
You paid 89 gold pieces to Gozag.

Inventory:

Hand Weapons
 a - a +0 shortbow
 k - a +1 dagger of venom
 y - a +6 dagger
 S - a +2 short sword of electrocution (weapon)
Missiles
 p - 32 poisoned darts
 M - 3 boomerangs (quivered)
Armour
 c - a +0 robe
 r - a +2 robe of resistance (worn)
 x - a +0 cloak (worn)
Jewellery
 d - a ring of positive energy
 f - a +4 ring of protection
 i - an amulet of regeneration (around neck)
 m - a ring of protection from cold (left hand)
 B - a +4 ring of slaying (right hand)
 I - a +6 ring of dexterity
Wands
 l - a wand of mindburst (7)
 D - a wand of flame (20)
 P - a wand of light (18)
 R - a wand of paralysis (4)
Scrolls
 b - a scroll of immolation
 g - 5 scrolls of teleportation
 o - 4 scrolls of fog
 t - a scroll of magic mapping
 w - 4 scrolls of identify
 A - 2 scrolls of vulnerability {unknown}
 C - 3 scrolls of noise {unknown}
 E - a scroll of acquirement {unknown}
 F - 2 scrolls of brand weapon {unknown}
 K - a scroll of blinking {unknown}
 L - 2 scrolls of fear {unknown}
 N - a scroll of summoning {unknown}
 T - a scroll of enchant weapon {unknown}
 W - a scroll of silence {unknown}
Potions
 e - 3 potions of curing
 h - 2 potions of mutation
 j - 4 potions of degeneration
 n - a potion of flight
 q - 3 potions of berserk rage
 s - 3 potions of cancellation {unknown}
 v - a potion of invisibility {unknown}
 z - a potion of resistance {unknown}
 G - 2 potions of attraction {unknown}
 H - a potion of might {unknown}
 J - a potion of magic {unknown}
 O - a potion of lignification {unknown}
 Q - a potion of brilliance {unknown}
 U - a potion of heal wounds {unknown}
 V - 2 potions of ambrosia {unknown}


   Skills:
 - Level 1.5 Fighting
 + Level 15.4 Ranged Weapons
 * Level 16.9 Dodging
 - Level 1.5 Stealth


You had 10 spell levels left.
You didn't know any spells.
Your spell library contained the following spells:

 Spells                   Type           Power      Damage    Failure   Level
 Shock                    Conj/Air       0%         1d3       32%         1
 Dazzling Flash           Conj/Hex       0%         N/A       69%         3
 Gell's Gravitas          Tloc           0%         N/A       69%         3
 Ignite Poison            Fire/Tmut/Pois 0%         N/A       69%         3
 Lesser Beckoning         Tloc           0%         N/A       69%         3
 Mephitic Cloud           Conj/Pois/Air  0%         N/A       69%         3
 Swiftness                Air            0%         N/A       69%         3
 Teleport Other           Tloc           0%         N/A       69%         3
 Airstrike                Air            0%         0-1+      97%         4
 Petrify                  Tmut/Erth      0%         N/A       97%         4
 Agony                    Necr           0%         N/A       100%        5
 Freezing Cloud           Conj/Ice/Air   0%         6-21      100%        5
 Metabolic Englaciation   Hex/Ice        0%         N/A       100%        5
 Silence                  Hex/Air        0%         N/A       100%        5
 Statue Form              Tmut/Erth      0%         N/A       100%        6


Dungeon Overview and Level Annotations

Branches:
Dungeon (11/15)            Temple (1/1) D:5            Lair (1/6) D:10
    Orc (0/2) D:10          IceCv (visited)

Altars:
Ashenzari
Cheibriados
Dithmenos
Elyvilon
Fedhas
Gozag
Hepliaklqana
Kikubaaqudgha
Makhleb
Nemelex Xobeh
Okawaru
Qazlal
Ru
Sif Muna
Trog
Uskayaw
Vehumet
Wu Jian
Xom
Yredelemnul
Zin
The Shining One

Shops:
D:7 :

Annotations:
D:6 1 runed translucent door, Essalna's ghost, novice DsIE
D:9 1 exclusion
D:10 exclusion: orange crystal statue


Innate Abilities, Weirdness & Mutations

You are very small and have problems with some larger weapons.
You are too small for most types of armour.
You have supernaturally acute eyesight. (SInv)
You cover ground extremely quickly. (Speed+++)


Message History

The ice encasing you melts away. The wolf completely misses you. x3
The wolf attacks as you move away! The wolf barely misses you.
The wolf bites you.
* * * LOW HITPOINT WARNING * * *
The wolf misses you.
There is an ice covered gate leading back out of this place, spattered with blood here.
The wolf completely misses you. The rime drake barely misses you.
The wolf misses you. x3
Welcome back to the Lair of Beasts!
There is a collapsed entrance here.
Unknown command.
Okay, then.
It was a potion of berserk rage.
A red film seems to cover your vision as you go berserk!
You feel yourself moving faster!
You feel mighty! The wolf completely misses you. The wolf misses you.
The wolf completely misses you. The rime drake breathes ice at you.
The flash freeze misses you. The wolf closely misses you. The wolf bites you.
* * * LOW HITPOINT WARNING * * *
The wolf completely misses you. The rime drake completely misses you.
You are too berserk!
You are too injured to fight recklessly!
You are too berserk!
You hear the crackle of electricity.
S - a +2 short sword of electrocution (weapon)
You feel a strong urge to attack something.
You hit the wolf.
The wolf is moderately wounded.
The wolf completely misses you. x3; The rime drake misses you.
The wolf completely misses you. The wolf misses you.
The wolf barely misses you.
You miss the wolf.
The wolf is moderately wounded.
The wolf completely misses you. The wolf bites you but does no damage.
The rime drake breathes ice at you. The flash freeze hits you!
You partially resist.
You die...
Your body crumbles into a pile of gold.

*,,,,,****** ####
***,,,,,,,,* ##..###
***,,,,,YY.###...4.#
***
*,,,,,YY........##4#
***,*
*,,,,,*###########.##
**,,,* *,,,*** ######
#..# ,,,,,* *****
#....#####.## ,*,,,*
#h...##.+...## ,,,,**
#@h.....#....#####
,,,,,*
#hk..##.+..P.....#
,,,,**
#....#####..P.#...
,,**,* ######
#####.#... ****** ####
**#.....#>.. ,* #..*
**#.....P#..#, **
###.#**#.......##.##*
*
#§§.##....#....##.###
*
##§§§...........P#.[..


You could see a rime drake (catching breath) and 3 wolves.

Vanquished Creatures
  A hydra (Lair:1)
  2 two-headed ogres
  Pikel (D:4)
  An ice statue (D:9)
  A cane toad (Lair:1)
  A komodo dragon (D:10)
  A polar bear (IceCv)
  Prince Ribbit (D:6)
  Sigmund (D:2)
  A vampire (D:10)
  10 yaks
  Eustachio (D:5)
  3 basilisks (D:10)
  2 steam dragons (D:8)
  Menkaure (D:5)
  2 water moccasins
  An acid dragon (D:10)
  Duvessa (D:4)
  A swamp drake (D:10)
  8 ice beasts
  3 sky beasts
  3 orc warriors
  2 ogres (D:5)
  2 centaurs
  A wolf (IceCv)
  A lemure (D:5)
  5 kobold brigands
  4 bullfrogs
  A necrophage (D:6)
  A gnoll sergeant (D:10)
  3 scorpions
  3 wights (D:10)
  Dowan (D:4)
  5 killer bees (D:9)
  2 electric eels (D:9)
  A hound (D:4)
  Crazy Yiuf (D:3)
  9 orc priests
  3 jellies
  Jessica (D:2)
  5 iguanas
  4 orc wizards
  A mummy (D:8)
  Robin (D:2)
  11 gnolls
  11 adders
  A white imp (D:7)
  2 worms
  A dart slug (D:5)
  24 orcs
  5 endoplasms
  4 giant cockroaches
  17 goblins
  14 hobgoblins
  32 kobolds
  10 quokkas
  6 ball pythons
  5 bats
  3 frilled lizards
  A kobold zombie (D:8)
  3 orc zombies (D:8)
  6 rats
260 creatures vanquished.

Vanquished Creatures (others)
  Joseph (D:9)
  An acid dragon (D:9)
  An ice beast (D:9)
  A centaur (D:9)
  A plant (D:1)
  A withered plant (D:6)
6 creatures vanquished.

Grand Total: 266 creatures vanquished

Notes
Turn   | Place    | Note
-------+----------+-------------------------------------------
     0 | D:1      | PentaManta the Spriggan Hunter began the quest for the Orb.
     0 | D:1      | Reached XP level 1. HP: 10/10 MP: 2/2
    38 | D:1      | Reached skill level 5 in Ranged Weapons
    77 | D:1      | Found a faded altar of an unknown god.
   128 | D:1      | Reached XP level 2. HP: 14/14 MP: 3/3
   738 | D:2      | Reached XP level 3. HP: 18/18 MP: 4/4
   854 | D:2      | Reached XP level 4. HP: 22/22 MP: 5/5
  1135 | D:2      | Noticed Sigmund
  1144 | D:2      | Killed Sigmund
  1145 | D:2      | Reached XP level 5. HP: 20/25 MP: 6/6
  1287 | D:2      | Noticed Jessica
  1303 | D:2      | Killed Jessica
  1304 | D:2      | Reached XP level 6. HP: 30/30 MP: 7/7
  2165 | D:3      | Found a runed translucent door.
  2166 | D:3      | Noticed Crazy Yiuf
  2375 | D:3      | Noticed Robin
  2409 | D:2      | Killed Robin
  2762 | D:3      | Killed Crazy Yiuf
  2913 | D:4      | Reached skill level 10 in Ranged Weapons
  2925 | D:4      | Noticed Dowan
  2928 | D:4      | Noticed Duvessa
  2982 | D:4      | Killed Duvessa
  2983 | D:4      | Reached XP level 7. HP: 33/33 MP: 8/8
  2987 | D:4      | Killed Dowan
  3353 | D:5      | Entered Level 5 of the Dungeon
  3435 | D:5      | Found a staircase to the Ecumenical Temple.
  3439 | D:5      | Noticed Menkaure
  3456 | D:5      | Killed Menkaure
  3457 | D:5      | Reached skill level 3 in Dodging
  3472 | Temple   | Entered the Ecumenical Temple
  3543 | Temple   | Became a worshipper of Gozag Ym Sagoz the Greedy
  3562 | D:5      | Reached skill level 4 in Dodging
  3625 | D:5      | Reached XP level 8. HP: 37/37 MP: 9/9
  3649 | D:5      | Noticed Pikel
  3730 | D:4      | Killed Pikel
  3731 | D:4      | Reached skill level 7 in Dodging
  3813 | D:5      | You fall into a shaft and drop 1 floor!
  3814 | D:6      | Found a basalt altar of Yredelemnul.
  3837 | D:5      | Noticed Eustachio
  3849 | D:5      | Killed Eustachio
  3850 | D:5      | Reached skill level 8 in Dodging
  4102 | D:5      | Found a sacrificial altar of Ru.
  4266 | D:5      | Found a radiant altar of Vehumet.
  4453 | D:6      | Reached skill level 9 in Dodging
  4495 | D:6      | Found a sparkling altar of Nemelex Xobeh.
  4523 | D:6      | Noticed Prince Ribbit
  4531 | D:6      | Killed Prince Ribbit
  4532 | D:6      | Reached XP level 9. HP: 41/41 MP: 10/10
  4695 | D:6      | Reached skill level 10 in Dodging
  4847 | D:6      | Found a runed translucent door.
  4847 | D:6      | Noticed Essalna's ghost (novice DsIE)
  4876 | D:6      | Found a white marble altar of Elyvilon.
  5133 | D:7      | Found a blossoming altar of Fedhas.
  5206 | D:7      | Found a shadowy altar of Dithmenos.
  5221 | D:7      | Reached skill level 11 in Dodging
  5486 | D:7      | Found Ucotob's Book Shop.
  5642 | D:8      | Found an ornate altar of the Wu Jian Council.
  5919 | D:8      | Reached skill level 12 in Dodging
  5928 | D:8      | Found a broken altar of Ashenzari.
  6342 | D:8      | Reached XP level 10. HP: 46/46 MP: 11/11
  6422 | D:8      | Found a glowing silver altar of Zin.
  6641 | D:9      | Noticed an ice statue
  6680 | D:9      | Noticed a two-headed ogre
  6697 | D:9      | Killed a two-headed ogre
  6698 | D:9      | Reached skill level 13 in Dodging
  6723 | D:9      | Killed an ice statue
  6772 | D:9      | Found a hide-covered altar of Uskayaw.
  6962 | D:9      | Reached skill level 14 in Dodging
  6974 | D:9      | Killed Joseph
  7260 | D:9      | Reached skill level 15 in Dodging
  7510 | D:10     | Entered Level 10 of the Dungeon
  7660 | D:10     | Noticed a two-headed ogre
  7697 | D:10     | Killed a two-headed ogre
  7749 | D:10     | Found a staircase to the Orcish Mines.
  7789 | D:10     | Noticed an orange crystal statue
  8068 | D:10     | Reached XP level 11. HP: 49/49 MP: 12/12
  8148 | D:10     | Found a staircase to the Lair.
  8473 | D:10     | Reached skill level 15 in Ranged Weapons
  8511 | D:10     | Reached skill level 16 in Dodging
  8601 | D:10     | Found a glowing golden altar of the Shining One.
  8796 | D:11     | Noticed a cyan ugly thing
  8900 | Lair:1   | Entered Level 1 of the Lair of Beasts
  8937 | Lair:1   | Noticed an eight-headed hydra
  8946 | Lair:1   | Killed an eight-headed hydra
  9046 | Lair:1   | Found a frozen archway.
  9056 | IceCv    | Entered an ice cave
  9151 | Lair:1   | Killed from afar by a rime drake

Illustrated notes

Levels and vault maps discovered:
D:1:      kennysheep_arrival_forest, layout_rooms, basic_ecumenical_altar,
          dreamdust_princess_bridge, kennysheep_small_spiral,
          minmay_misc_feat_enclosed, minmay_strange_pillars,
          serial_bayou_crossing
D:2:      layout_basic, serial_co_window_serial, co_window_paths_a,
          co_window_paths_b, co_window_of_opportunity_a, co_window_corner_a,
          co_window_paths_b, co_window_paths_c, co_window_broadway_a,
          co_window_corner_b, co_window_cross_3, co_window_2corner,
          small_statue_intersection, minmay_joined_circles, uniq_jessica,
          uniq_sigmund
D:3:      layout_loops_corners, nicolae_underground_beach,
          uniq_crazy_yiuf_cottage, uniq_robin
D:4:      layout_cave_pools, uniq_duvessa
D:5:      layout_basic, mainiacjoe_overflow_alcove_4,
          nicolae_ru_the_path_less_chosen, minmay_temple_entry_grid,
          uniq_eustachio, uniq_pikel, uniq_menkaure
D:6:      layout_loops_ring, nemelex_spade_bored_becter, elyvilon_altar_3,
          yredelemnul_altar_generic, ebering_ghost_inner_flame,
          uniq_prince_ribbit1
D:7:      layout_basic, fedhas_altar_1, nicolae_dithmenos_shadow_blocks,
          serial_shops, kennysheep_little_box
D:8:      layout_loops_ring, nicolae_wu_jian_wuxing_cycle, zin_academy,
          lemuel_doored_altar, minmay_mini_ossuary
D:9:      minmay_twisted_water, layout_loops_ring,
          mainiacjoe_overflow_tiny_flanked, minivault_16, lemuel_flamethrower_2,
          uniq_joseph, uniq_grum
D:10:     layout_basic, tso_oasis_becter, erik_lair_dragon,
          minmay_misc_feat_doors, minmay_protected_statue
D:11:     layout_loops_corners, uniq_fannar, uniq_maurice, uniq_erica
Temple:   zaba_magenta_temple
Lair:1:   layout_misc_corridors, portal_ice_cave_demonic_guard,
          beast_lair_carwin_2

Skill      XL: |  1  2  3  4  5  6  7  8  9 10 11 |
---------------+----------------------------------+-----
Ranged Weapons | 5 6 8 10 11 12 13 14 15 | 15.4
Dodging        | 4 9 12 15 16 | 16.9
Fighting       | |  1.5
Stealth        | |  1.5

Action                   |  1- 3 |  4- 6 |  7- 9 | 10-12 || total
-------------------------+-------+-------+-------+-------++-------
Melee: Dagger            |       |     1 |       |       ||     1
       Short sword       |       |       |       |     2 ||     2
 Fire: Shortbow          |    84 |   179 |   350 |   416 ||  1029
Throw: Boomerang         |       |       |       |     1 ||     1
  Use: Scroll            |       |       |       |     7 ||     7
       Potion            |       |       |       |     3 ||     3
 Stab: Sleeping          |       |     1 |       |       ||     1
Armor: Robe              |     8 |     6 |    10 |    10 ||    34
Dodge: Dodged            |    34 |    60 |    81 |   165 ||   340

Table legend: (Time is in decaauts)
 A = Elapsed time spent in this place.
 B = Non-inter-level travel time spent in this place.
 C = Inter-level travel time spent in this place.
 D = Time resting spent in this place.
 E = Time spent auto-exploring this place.
 F = Levels seen in this place.
 G = Mean time per level.
                   A        B        C        D        E       F      G
               +--------+--------+--------+--------+--------+-----+--------+
         Total |   6104 |   5850 |    254 |    148 |   3903 |  14 |  436.0 |
       Dungeon |   5859 |   5613 |    246 |    133 |   3856 |  11 |  532.6 |
        Temple |     57 |     49 |      8 |      0 |     42 |   1 |   57.0 |
          Lair |    117 |    117 |      0 |      0 |      0 |   1 |  117.0 |
      Ice Cave |     69 |     69 |      0 |     15 |      5 |   1 |   69.0 |
               +--------+--------+--------+--------+--------+-----+--------+

Top non-repeatable levels by time:
    D:10: 844 daAuts
     D:2: 770 daAuts
     D:9: 716 daAuts
     D:3: 648 daAuts
     D:5: 597 daAuts
     D:8: 562 daAuts
     D:1: 456 daAuts
     D:4: 421 daAuts
     D:6: 418 daAuts
     D:7: 379 daAuts
  Lair:1: 117 daAuts
   IceCv: 69 daAuts
  Temple: 57 daAuts
    D:11: 43 daAuts
